Choc, chaotic male elven Priest --------- ----- |.......| ----------- -----.--------- ##+..`| #-.....>.| #W..........# ###-.............| # |...| ###|.......| @|.........|# # |.{...........|### |...| # -----|--- f|.........|### |..............####-...| ### # #|.........|# -------.-------# -|--- # # #|.........| ### ### # #----------- # # # ### ### # ### # # # # # ---)--# ## # .....|# ----.---- # |.....# |.......| # .....| |....<..| # ------ |.......| |.......| |.......| --------- Choc the Aspirant Experience level: 2 Strength: 13 Dexterity: 12 Constitution: 15 Intelligence: 12 Wisdom: 18 Charisma: 11 Health: 0(19) Energy: 26(26) Def: 8 Gold: 870 Moves: 1912 Dungeon seed: MFJg67woHJennC5M Game ID: Choc_1614267805 Your Inventory: Coins $ - 870 gold pieces Weapons a - a blessed +1 mace (weapon in hand) r - a +0 bow (alternate weapon; not wielded) s - 6 +0 arrows (in quiver) Armor e - a +0 robe (being worn) n - a +0 small shield (being worn) q - a blessed +2 pair of iron shoes (being worn) y - a +0 orcish helm (being worn) z - a blessed +0 robe Comestibles c - 3 cloves of garlic d - 3 sprigs of wolfsbane Scrolls m - a cursed scroll of earth x - a scroll of charging B - a scroll of teleportation F - a cursed scroll of light Spellbooks f - a spellbook of detect unseen g - a spellbook of cure sickness D - a cursed spellbook of detect food E - a cursed spellbook of healing Potions b - 4 potions of holy water t - a potion of gain energy u - a potion of acid A - a potion of water G - a cursed potion of restore ability H - 4 potions of unholy water Rings w - a cursed -2 ring of protection Wands I - a cursed wand of magic missile (0:6) Tools h - a magic marker (0:40) i - a wooden harp Gems N - an aquamarine stone Spells and supernatural/magical abilities: Name Level Category Fail Memory K - cure sickness 3 healing 88% 13% U - detect unseen 3 divination 91% 85% W - pray for help -- divine ? -- X - turn undead -- divine ? -- Your skills at the end: Fighting Skills Weapon Skills mace [Basic] Spellcasting Skills clerical spells [Basic] Final Attributes: You were piously aligned. You had infravision. You are dead. Vanquished creatures: a shrieker a hobgoblin 2 giant rats 4 jackals 2 foxes a goblin a sewer rat a grid bug a lichen a kobold zombie 6 newts 21 creatures vanquished. Voluntary challenges: You used a wielded weapon 20 times, starting on turn 24. You read items or engraved 1 time, starting on turn 804. You never genocided any monsters. You never polymorphed an object. You never changed form. You used no wishes. You never split a pudding. You never wrote Elbereth's name. You never violated your personal moral code. Dungeon overview: The Dungeons of Doom: levels 1 to 4 Level 1 a fountain a long staircase Level 2 a weapon shop, a fountain a long staircase Level 3 Level 4 <- You were here a fountain History has recorded: On T:1 you entered the Dungeons of Doom to retrieve the Amulet of Yendor! On T:374 you reached level 2 of The Dungeons of Doom. On T:668 you reached level 3 of The Dungeons of Doom. On T:1046 you reached level 4 of The Dungeons of Doom. On T:1346 you advanced to experience level 2. Score breakdown: Gold: 870 (10000 points) Experience: 2 levels ( 5570 points) Exploration: 4 levels ( 7.69%) ( 7276 points) Discoveries: 2 items ( 0.70%) ( 2508 points) Valuables value: (no points given unless you survive) Artifact value: 0 ( 0 points) Variety of kills: 11 monsters ( 2.89%) ( 5097 points) Turncount: 1912 turns ( 0 points) Survival: died (score multiplied by 80%) Total score: 24360 Latest messages: The door opens. (2x) You see here 169 gold pieces. $ - 169 gold pieces. The door opens. You stop running. You miss Qwerty. Qwerty bites! Never mind. You stop running. Qwerty bites! Qwerty misses. (2x) Qwerty just misses! Qwerty bites! Gloom's ghost touches you! Calling upon Loki, you chant an arcane formula. Gloom's ghost turns to flee! Qwerty bites! (2x) You die... Final status: Goodbye Choc the Priest, killed by a kitten called "Qwerty", while trying to turn the monsters... You died in The Dungeons of Doom on dungeon level 4 with 24360 points, and 870 pieces of gold, after 1912 moves. You were level 2 with a maximum of 19 hit points when you died.